 Dungeon Crawl Stone Soup version 0.27.0-1-g7a089689b8 (webtiles) character file.

Game seed: 17005183712437418560

30 wakim the Chiller (level 3, 0/24 HPs)
             Began as a Merfolk Ice Elementalist on Aug 6, 2021.
             Slain by a kobold (1 damage)
             ... on level 2 of the Dungeon.
             The game lasted 00:02:50 (1302 turns).

wakim the Chiller (Merfolk Ice Elementalist)        Turns: 1302, Time: 00:02:50

Health: 0/24       AC:  3    Str:  8    XL:     3   Next: 18%
Magic:  4/6        EV: 12    Int: 15    God:
Gold:   11         SH:  0    Dex: 14    Spells: 5/6 levels left

rFire    . . .     SeeInvis .   a - +0 quarterstaff
rCold    . . .     Faith    .   (shield currently unavailable)
rNeg     . . .     Spirit   .   d - +0 leather armour
rPois    .         Reflect  .   (no helmet)
rElec    .         Harm     .   (no cloak)
rCorr    .         Rampage  .   (no gloves)
Will     .....                  (no boots)
Stlth    ++........             (no amulet)
HPRegen  0.08/turn              (no ring)
MPRegen  0.10/turn              (no ring)

@: no status effects
A: (nimble swimmer 2), mertail
a: no special abilities


You were on level 2 of the Dungeon.
You visited 1 branch of the dungeon, and saw 2 of its levels.

You collected 11 gold pieces.

Inventory:

Hand Weapons
 a - a +0 quarterstaff (weapon)
Armour
 c - a +0 robe
 d - a +0 leather armour (worn)
Scrolls
 e - a scroll of teleportation {unknown}
Potions
 b - a potion of haste {unknown}


   Skills:
 - Level 2.6 Dodging
 - Level 2.1 Stealth
 + Level 2.2 Spellcasting
 * Level 5.3 Ice Magic


You had 5 spell levels left.
You knew the following spells:

 Your Spells              Type           Power      Damage    Failure   Level
a - Freeze                Ice            68%        1d8       3%          1

Your spell library contained the following spells:

 Spells                   Type           Power      Damage    Failure   Level
 Frozen Ramparts          Ice            34%        1d5       11%         3
 Ozocubu's Armour         Ice            17%        N/A       11%         3
 Hailstorm                Conj/Ice       9%         3d4       71%         4


Dungeon Overview and Level Annotations

Branches:
Dungeon (1/15)

Altars:

Annotations:
D:2 Sigmund


Innate Abilities, Weirdness & Mutations

((You are quick and stealthy near water. (Stealth+, EV+, Speed+++)))
Your lower body shifts to a powerful aquatic tail in water.


Message History

The kobold completely misses you. The quokka bites you.
* * * LOW HITPOINT WARNING * * *
Sorry, you're not good enough to have a special ability.
Casting: Freeze (safe; 3% risk of failure)
Confirm with . or Enter, or press ? or * to list all spells.
Okay, then.
Casting: Freeze (safe; 3% risk of failure)
Confirm with . or Enter, or press ? or * to list all spells.
You don't know that spell.
You are too injured to fight recklessly!
Casting: Freeze (safe; 3% risk of failure)
Confirm with . or Enter, or press ? or * to list all spells.
Aiming: Freeze (safe; 3% risk of failure)
Press: ? - help, Shift-Dir - straight line, f - quokka
Aim: a quokka You freeze the quokka.
You kill the quokka!
The giant cockroach barely misses you. The frilled lizard bites you.
* * * LOW HITPOINT WARNING * * *
The rat bites you but does no damage. The kobold hits you with a +0 dagger.
* * * LOW HITPOINT WARNING * * *
The giant cockroach bites you but does no damage.
Casting: Freeze (safe; 3% risk of failure)
Confirm with . or Enter, or press ? or * to list all spells.
Aiming: Freeze (safe; 3% risk of failure)
Press: ? - help, Shift-Dir - straight line, f - rat
Aim: a rat You freeze the rat.
You kill the rat!
The hobgoblin hits you but does no damage.
The frilled lizard barely misses you. The kobold hits you with a +0 dagger.
* * * LOW HITPOINT WARNING * * *
The giant cockroach barely misses you.
You closely miss the ball python. The ball python closely misses you. x2
The hobgoblin hits you.
* * * LOW HITPOINT WARNING * * *
The frilled lizard bites you.
* * * LOW HITPOINT WARNING * * *
The giant cockroach closely misses you. The kobold hits you with a +0 dagger.
You die...

..........
..........# ...
..........########...
............!.......#
....................#
....................#
.@..................#
............BlS....!#
.........#.lg@K.....#
..#.....#############
#######


You could see a giant cockroach, a hobgoblin, a ball python, a kobold and 2
frilled lizards.

Vanquished Creatures
  2 dart slugs (D:1)
  A ball python (D:1)
  3 endoplasms (D:1)
  2 goblins (D:1)
  2 hobgoblins (D:1)
  4 kobolds (D:1)
  4 quokkas
  A frilled lizard (D:1)
  4 rats
23 creatures vanquished.

Notes
Turn   | Place    | Note
-------+----------+-------------------------------------------
     0 | D:1      | wakim the Merfolk Ice Elementalist began the quest for the
                  | Orb.
     0 | D:1      | Reached XP level 1. HP: 13/13 MP: 3/3
   168 | D:1      | Reached XP level 2. HP: 12/19 MP: 0/5
   422 | D:1      | Reached skill level 5 in Ice Magic
  1190 | D:1      | Reached XP level 3. HP: 24/24 MP: 6/6
  1287 | D:1      | You fall into a shaft and drop 1 floor!
  1291 | D:2      | Noticed Sigmund
  1302 | D:2      | HP: 1/24 [frilled lizard (2)]
  1302 | D:2      | Slain by a kobold

Illustrated notes

Levels and vault maps discovered:
D:1:      heliophobic_arrival_henge, layout_basic,
          shapermc_ecumenical_altar_hornbeckon, hex_intersection,
          grunt_decor_clamped
D:2:      layout_rooms, serial_rivers, chequers_serial_rivers_small_a,
          chequers_serial_rivers_micro_d, chequers_serial_rivers_micro_a,
          chequers_serial_rivers_small_3, chequers_serial_rivers_small_a,
          uniq_sigmund

Skill      XL: |  1  2 |
---------------+-------+-----
Ice Magic      | 5 |  5.3
Dodging        | |  2.6
Stealth        | |  2.1
Spellcasting   | |  2.2

Action                   || total
-------------------------++-------
Melee: Quarterstaff      ||    30
 Cast: Freeze            ||    28
Armor: Leather armour    ||    16
Dodge: Dodged            ||    41
